 Dungeon Crawl Stone Soup version 0.32-a0-986-ga09f62fbf4 (webtiles) character file.

Game seed: 15320221436717856108

555222 runemasterragnar the Slayer (level 26, -6/236 HPs)
             Began as a Coglin Hunter on Apr 21, 2024.
             Was a High Priest of Okawaru.
             Mangled by a green draconian monk (15 damage)
             ... led by Tiamat
             ... on level 3 of the Realm of Zot.
             The game lasted 01:58:16 (60685 turns).

runemasterragnar the Slayer (Coglin Hunter)        Turns: 60685, Time: 01:58:17

Health: -6/236     AC: 15    Str: 12    XL:     26   Next: 45%
Magic:  30/33      EV: 14    Int: 12    God:    Okawaru [*****.]
Gold:   4517       SH:  0    Dex: 24    Spells: 25/25 levels left

rFire   + + +        I - +9 hand cannon (freeze) {Oskar}
rCold   + . .        O - +4 hand cannon (heavy) {Ajinder}
rNeg    . . .        Y - +3 leather armour {rF+}
rPois   +            b - +2 helmet {SInv}
rElec   +            T - +0 cloak of Durable Satisfaction {rElec Will+ Int+2 Dex-2}
rCorr   +            W - +1 pair of gloves of the Shimmering Gods {+Inv rElec rF++}
SInv    +            N - +2 pair of boots of Vehumet, Burning {Will++}
Will    ++++.        (amulet unavailable)
Stlth   +++++++      (ring unavailable)
HPRegen 0.59/turn    (ring unavailable)
MPRegen 0.23/turn    V
                       - NW-90 ultrascope {AutoDazzle, rPois rC+ rCorr}

%: no passive effects
@: about to teleport, finesse-ful, corroded, constricted, studying Axes,
invisible, unable to drink, revving
A: off-hand wielding, slow wielding, warmup strikes, no jewellery, iridescent
scales 1, clumsy 1, screaming 1, inability to drink after injury 1
}: 3/15 runes: decaying, serpentine, silver
a: Renounce Religion, Evoke Invisibility, Heroism, Finesse, Duel


You were on level 3 of the Realm of Zot.
You worshipped Okawaru.
Okawaru was extremely pleased with you.
You visited 11 branches of the dungeon, and saw 51 of its levels.
You also visited: Ossuary, Bailey, Gauntlet and Volcano.

You collected 7496 gold pieces.
You spent 2979 gold pieces at shops.

Inventory:

Hand Weapons
 I - a +9 hand cannon of freezing (weapon) {Oskar}
 O - a +4 heavy hand cannon (offhand) {Ajinder}
 R - a +2 hand cannon of draining {Bunsong}
Missiles
 j - 9 throwing nets
Armour
 b - a +2 helmet of see invisible (worn)
 C - a +1 ring mail of positive energy
 F - a +1 leather armour of cold resistance
 N - the +2 pair of boots of Vehumet, Burning (worn) {Will++}
   (You bought it in a shop on level 10 of the Dungeon)

   Will++:    It greatly increases your willpower.
 Q - the +3 leather armour "Inamiyna" {rElec Dex+4 SInv}
   (You found it on level 2 of the Vaults)

   Dex+4:     It affects your dexterity (+4).
   rElec:     It insulates you from electricity.
   SInv:      It lets you see invisible.
 T - the +0 cloak of Durable Satisfaction (worn) {rElec Will+ Int+2 Dex-2}
   (You bought it in a shop on level 10 of the Dungeon)

   Int+2:     It affects your intelligence (+2).
   Dex-2:     It affects your dexterity (-2).
   rElec:     It insulates you from electricity.
   Will+:     It increases your willpower.
 W - the +1 pair of gloves of the Shimmering Gods (worn) {+Inv rElec rF++}
   (Okawaru gifted it to you in a volcano)

   rF++:      It greatly protects you from fire.
   rElec:     It insulates you from electricity.
   +Inv:      It lets you turn invisible.
 X - a +1 leather armour of fire resistance
 Y - a +3 leather armour of fire resistance (worn)
Gizmo
 V - a NW-90 ultrascope (installed) {AutoDazzle, rPois rC+ rCorr}
   (You invented it yourself on level 5 of the Lair of Beasts)

   [NW-90 ultrascope]

   AutoDazzle: It sometimes fires a blinding ray at enemies whose attacks you
   dodge.
   rC+:       It protects you from cold.
   rPois:     It protects you from poison.
   rCorr:     It protects you from acid and corrosion.
Wands
 k - a wand of paralysis (18)
 m - a wand of polymorph (7)
 o - a wand of warping (35)
 t - a wand of flame (35)
 x - a wand of quicksilver (18)
 U - a wand of mindburst (59)
Scrolls
 c - 3 scrolls of enchant armour
 d - 30 scrolls of identify
 g - 5 scrolls of torment
 h - 14 scrolls of noise
 i - 4 scrolls of teleportation
 s - 7 scrolls of poison
 y - 4 scrolls of fear
 z - 3 scrolls of blinking
 B - 5 scrolls of revelation
 G - 12 scrolls of amnesia
 H - 8 scrolls of immolation
 J - 4 scrolls of fog
 K - 5 scrolls of vulnerability
 L - a scroll of brand weapon
 P - 2 scrolls of summoning
 S - a scroll of enchant weapon
Potions
 a - 3 potions of resistance
 e - 2 potions of haste
 f - 12 potions of mutation
 l - 9 potions of heal wounds
 n - 3 potions of attraction
 q - 5 potions of brilliance
 r - 2 potions of invisibility
 u - 12 potions of lignification
 v - 18 potions of curing
 w - 10 potions of enlightenment
 A - 5 potions of might
 D - 9 potions of cancellation
 E - 4 potions of ambrosia
 M - 3 potions of berserk rage
Miscellaneous
 p - a Gell's gravitambourine (2/2)
 Z - a tin of tremorstones (2/2)


   Skills:
 * Level 25.5 Fighting
 - Level 19.5 Ranged Weapons
 + Level 16.3 Dodging
 + Level 18.0 Stealth
 + Level 14.4 Invocations
 + Level 21.4 Evocations


You had 25 spell levels left.
You didn't know any spells.
Your spell library contained the following spells:

 Spells                   Type           Power      Damage    Failure   Level
 Apportation              Tloc           0%         N/A       38%         1
 Magic Dart               Conj           0%         1d3       38%         1
 Necrotise                Necr           0%         1d4       38%         1
 Sandblast                Erth           0%         2d4       38%         1
 Sting                    Conj/Alch      0%         1d3       38%         1
 Lesser Beckoning         Tloc           0%         N/A       54%         2
 Mercury Vapours          Alch/Air       0%         N/A       54%         2
 Searing Ray              Conj           0%         2d4       54%         2
 Dazzling Flash           Conj/Hex       0%         N/A       77%         3
 Hailstorm                Conj/Ice       0%         3d5       77%         3
 Maxwell's Portable Pile  Tloc           0%         2d(5-13)  77%         3
 Mephitic Cloud           Conj/Alch/Air  0%         N/A       77%         3
 Passwall                 Erth           0%         N/A       77%         3
 Sigil of Binding         Hex            0%         N/A       77%         3
 Stone Arrow              Conj/Erth      0%         3d7       77%         3
 Teleport Other           Tloc           0%         N/A       77%         3
 Volatile Blastmotes      Fire/Tloc      0%         2d10      77%         3
 Anguish                  Hex/Necr       0%         N/A       99%         4
 Cause Fear               Hex            0%         N/A       99%         4
 Fulminant Prism          Conj/Alch      0%         3d5       99%         4
 Ignite Poison            Fire/Alch      0%         N/A       99%         4
 Iskenderun's Mystic Bla Conj/Tloc 0%             2d3        (+2d1     99%         4
 Leda's Liquefaction      Alch/Erth      0%         N/A       99%         4
 Olgreb's Toxic Radiance  Alch           0%         N/A       99%         4
 Sticky Flame             Fire/Alch      0%         2d4       99%         4
 Borgnjor's Vile Clutch   Necr/Erth      0%         N/A       100%        5
 Fireball                 Conj/Fire      0%         3d3       100%        5
 Freezing Cloud           Conj/Ice/Air   0%         6-21      100%        5
 Iskenderun's Battlesphe  Conj           0%         2d6       100%        5
 Lee's Rapid Deconstruct  Erth           0%         3d4*      100%        5
 Silence                  Hex/Air        0%         N/A       100%        5
 Bombard                  Conj/Erth      0%         9d1       100%        6
 Dispersal                Tloc           0%         N/A       100%        6
 Gell's Gavotte           Tloc           0%         2d(11-16) 100%        6
 Permafrost Eruption      Ice/Erth       0%         2x4d1     100%        6
 Enfeeble                 Hex            0%         N/A       100%        7
 Magnavolt                Erth/Air       0%         3d9       100%        7
 Manifold Assault         Tloc           0%         N/A       100%        7
 Ozocubu's Refrigeration  Ice            0%         4d7       100%        7
 Discord                  Hex            0%         N/A       100%        8
 Disjunction              Tloc           0%         N/A       100%        8
 Ignition                 Fire           0%         3d3       100%        8
 Maxwell's Capacitive Co  Air            0%         ∞         100%        8
 Summon Small Mammal      Summ           Unusable   N/A       N/A         1
 Summon Ice Beast         Ice/Summ       Unusable   N/A       N/A         3
 Animate Dead             Necr           Unusable   N/A       N/A         4
 Death Channel            Necr           Unusable   N/A       N/A         6
 Sculpt Simulacrum        Ice/Alch       Unusable   N/A       N/A         6
 Spellforged Servitor     Conj/Summ      Unusable   N/A       N/A         7
 Dragon's Call            Summ           Unusable   N/A       N/A         9

Dungeon Overview and Level Annotations

Branches:
Dungeon (15/15)            Temple (1/1) D:6            Lair (5/5) D:11
  Swamp (4/4) Lair:2        Snake (4/4) Lair:3        Slime (5/5) Lair:4
    Orc (2/2) D:11            Elf (3/3) Orc:2        Vaults (5/5) D:14
  Crypt (0/3) Vaults:3     Depths (4/4) D:15            Zot (3/5) Depths:4
Ossuary (visited)          Bailey (visited)         Volcano (visited)
Gauntlet (visited)

Altars:
Ashenzari
Cheibriados
Dithmenos
Elyvilon
Fedhas
Gozag
Hepliaklqana
Kikubaaqudgha
Makhleb
Nemelex Xobeh
Okawaru
Qazlal
Ru
Sif Muna
Trog
Uskayaw
Vehumet
Wu Jian
Xom
Yredelemnul
Zin
The Shining One
Jiyva

Shops:
D:2 (   D:3 (   D:10 [[[   Orc:2 [[(   Snake:3 :=:   Vaults:2 ![   Vaults:4 !=
Vaults:5 ??!?   Depths:2 [

Portals:
Hell: Depths:1 Depths:2 Depths:3 Depths:4
Abyss: Depths:3
Pandemonium: Depths:2 Depths:4
Ziggurat: Depths:2

Annotations:
D:10 exclusions: oklob plant and oklob sapling
D:13 2 transporters, mdonais's ghost, novice OpBr
Snake:1 3 runed translucent doors, Siosed's ghost, adept DgFE
Snake:2 3 runed translucent doors, exclusion: obsidian statue, bigduke15's ghost, adept MDFi
Slime:5 Royal Jelly
Orc:1 2 runed translucent doors, Hiush's ghost, journeyman OnGl
Elf:1 1 runed translucent door
Elf:2 4 runed translucent doors, Yzanit's ghost, adept GnWn
Elf:3 3 runed translucent doors, MrSquiggles's ghost, adept GrFi
Vaults:3 36 runed translucent doors
Zot:1 3 runed translucent doors, Icot's ghost, veteran NaBe; Rudyous's ghost, legendary HuCj
Zot:3 Tiamat


Innate Abilities, Weirdness & Mutations

You can wield a second weapon in your off-hand.
It takes a long time for you to wield or remove held weapons.
Your first few attacks do less damage.
You cannot equip rings or amulets.
You are partially covered in iridescent scales. (AC +2)
You are clumsy. (Dex -2)
You occasionally shout uncontrollably at your foes.
You occasionally lose the ability to drink potions when taking damage.


Message History

The tentacled monstrosity tentacle-slaps you but does no damage.
The tentacled monstrosity constricts you.
Okay, then.
You feel much better.
Tiamat hits you from afar with a +5 glaive of protection!!
The tentacled monstrosity tentacle-slaps you but does no damage.
The tentacled monstrosity barely misses you.
The tentacled monstrosity tentacle-slaps you.
The tentacled monstrosity constricts you.
The green draconian monk hits you but does no damage.
The green draconian monk closely misses you. x2
The green draconian monk tail-slaps you but does no damage.
Unknown command.
You feel much better.
The purple draconian shifter looks even sicker.
Tiamat hits you from afar with a +5 glaive of protection!!
You feel threatened and lose the ability to drink potions!
The tentacled monstrosity tentacle-slaps you but does no damage. x3
The tentacled monstrosity constricts you.
The green draconian monk completely misses you.
The green draconian monk closely misses you. x2
The green draconian monk completely misses you.
Unknown command.
Unknown command.
Unknown command.
Okay, then.
You cannot drink potions in your current state!
Aiming: Paralyse
Press: ? - help, Shift-Dir - straight line, f - green draconian monk, p - tentacled monstrosity
Aim: a green draconian monk, wearing a +0 cloak (poison gas, lightly wounded, unable to see you, chance to affect: 71%)
The green draconian monk struggles to resist.
Tiamat hits you from afar with a +5 glaive of protection!!!
* * * LOW HITPOINT WARNING * * *
The tentacled monstrosity tentacle-slaps you!
* * * LOW HITPOINT WARNING * * *
The tentacled monstrosity tentacle-slaps you but does no damage. x2
The tentacled monstrosity constricts you.
* * * LOW HITPOINT WARNING * * *
The green draconian monk hits you!
You die...

...d........#
##......
q......dX...#
#..#... ##q?#
##..... ##..##
#####.##..
##..######.....##>.
##d.#.......########
##.d##.#######
#.q###d# #.#q@X.#
#.°°#### #####


You could see Tiamat, a tentacled monstrosity, a green draconian monk (unable to
see you) and a purple draconian shifter (wandering, unable to see you, very
poisoned).

Vanquished Creatures
  2 dread liches (Vaults:5)
  An ancient lich (Vaults:5)
  An orb of fire (Zot:1)
  Bai Suzhen (Vaults:3)
  Vashnia (Snake:4)
  the Lernaean hydra (Swamp:4)
  2 caustic shrikes
  16 golden dragons
  Nikola (Snake:1)
  An electric golem (Zot:1)
  Rupert (Lair:5)
  18 tentacled monstrosities
  A walking crystal tome (Depths:3)
  2 walking earthen tomes
  5 liches
  A walking divine tome (Depths:3)
  2 walking frostbound tomes
  6 quicksilver dragons
  6 titans
  16 acid blobs
  6 sphinxes
  3 death cobs
  9 shadow dragons
  Agnes (Snake:4)
  Gastronok (Lair:2)
  Aizul (Snake:2)
  2 thorn hunters
  6 storm dragons
  Kirke (D:13)
  Donald (Swamp:3)
  8 azure jellies
  5 tengu reavers
  Roxanne (Elf:2)
  2 fenstrider witches
  2 nagarajas (Snake:4)
  4 protean progenitors
  2 draconian knights
  A draconian monk (Zot:2)
  6 rockslimes
  2 iron dragons
  3 deep elf sorcerers
  A ghost moth (Zot:1)
  12 frost giants
  11 fire giants
  Louise (Snake:4)
  2 draconian scorchers (Zot:1)
  23 vault wardens
  An orc warlord (Vaults:1)
  2 draconian shifters (Zot:2)
  A draconian annihilator (Zot:2)
  A spriggan defender (Depths:2)
  5 quicksilver oozes
  25 very ugly things
  19 ironbound preservers
  9 ironbound thunderhulks
  6 formless jellyfish
  17 stone giants
  A deep elf demonologist (Vaults:5)
  4 eleionomae
  6 green draconians
  3 purple draconians
  A deep elf annihilator (Elf:1)
  A war gargoyle (Vaults:5)
  2 vampire knights (Depths:2)
  2 black draconians
  A minotaur (Gauntlet)
  9 dire elephants
  11 spark wasps
  4 red draconians
  5 bunyips
  6 yellow draconians
  12 ettins
  A blizzard demon (Depths:1)
  6 white draconians
  Azrael (D:13)
  A crystal guardian (Vaults:4)
  9 fire dragons
  2 shambling mangroves (Swamp:4)
  Snorg (Lair:4)
  11 great orbs of eyes
  19 yaktaur captains
  2 entropy weavers
  20 hydras
  8 rakshasas
  4 salamander tyrants (Snake:4)
  3 catoblepae (Lair:5)
  39 vault guards
  Harold (D:10)
  6 ogre magi
  3 spriggan air magi
  3 boulder beetles
  An anaconda (shapeshifter) (Vaults:5)
  A peacekeeper (Vaults:4)
  7 ironbound frosthearts
  8 ice dragons
  20 two-headed ogres
  14 centaur warriors
  15 dancing weapons
  8 alligators
  10 tengu warriors
  5 anacondas
  11 deep troll earth magi
  11 deep troll shamans
  6 death yaks (Lair:5)
  7 spriggan berserkers
  4 orc high priests
  8 occultists
  4 naga warriors
  5 shock serpents
  20 hell knights
  16 naga sharpshooters
  24 spriggans
  5 deep elf knights
  A skyshark (Lair:5)
  Sonja (D:10)
  A titan skeleton (Depths:1)
  4 iron trolls
  9 glowing orange brains
  63 deep trolls
  5 salamander mystics
  3 goliath frogs (Swamp:1)
  A death drake (Swamp:1)
  A storm dragon skeleton (Depths:2)
  4 skeletal warriors (D:14)
  2 spriggan druids
  15 bog bodies
  8 deep elf archers
  4 arcanists
  An obsidian statue (D:14)
  3 flayed ghosts
  18 mana vipers
  A tengu zombie (Depths:1)
  19 ironbound convokers
  12 orc knights
  13 necromancers
  A lindwurm (shapeshifter) (Depths:3)
  12 swamp dragons
  2 steelbarb worms (shapeshifter)
  19 deep elf pyromancers
  8 phantasmal warriors
  8 thermic dynamos
  Pikel (D:4)
  8 naga ritualists
  A shadow dragon skeleton (Depths:2)
  11 lindwurms
  A shining eye (shapeshifter) (Elf:3)
  12 deep elf zephyrmancers
  3 cyclopes
  A mana viper (shapeshifter) (Elf:2)
  16 salamanders
  An oklob plant (Lair:5)
  6 shining eyes
  3 manticores
  3 will-o-the-wisps
  2 tengu skeletons
  4 orc sorcerers
  12 moths of wrath
  40 ugly things
  3 meliai (D:13)
  2 kobold blastminers
  4 elephants (Lair:4)
  8 naga magi
  2 stone giant skeletons
  A water nymph (shapeshifter) (Depths:2)
  9 guardian serpents
  16 vault sentinels
  A human skeleton (Vaults:3)
  36 black mambas
  An eye of devastation (shapeshifter) (Vaults:5)
  A centaur skeleton (D:15)
  13 cane toads
  A titan simulacrum (Depths:1)
  A hellion (Depths:2)
  A gargoyle (D:12)
  48 yaktaurs
  8 komodo dragons
  2 freezing wraiths (Vaults:5)
  A kobold demonologist (D:14)
  An unseen horror (D:12)
  4 rime drakes
  An ice devil (Gauntlet)
  Psyche (D:10)
  5 tengu conjurers
  2 trolls
  7 tyrant leeches
  A bloated husk (Swamp:2)
  Grinder (D:3)
  27 hornets
  A tengu simulacrum (Depths:2)
  A blink frog (shapeshifter) (D:14)
  5 blink frogs (Lair:2)
  A shadow dragon simulacrum (Depths:1)
  A stone giant simulacrum (Vaults:3)
  A raiju (Gauntlet)
  11 glass eyes
  A meliai (shapeshifter) (Vaults:5)
  2 frost giant simulacra
  A centaur simulacrum (D:15)
  A meliai zombie (D:15)
  94 slime creatures
  3 air elementals
  Sigmund (D:3)
  A culicivora (shapeshifter) (Vaults:5)
  A shadow (D:9)
  A wraith (D:12)
  5 fire elementals
  2 hogs (D:13)
  19 humans
  A wyvern (Lair:2)
  48 yaks
  4 water elementals
  8 basilisks
  2 wargs
  2 steam dragons
  4 redbacks
  31 nagas
  14 swamp worms
  16 vampire mosquitoes
  22 water moccasins
  6 hell hounds (D:13)
  A hornet zombie (D:15)
  32 orc warriors
  9 swamp drakes
  2 ice beasts
  A black bear (D:5)
  3 boggarts (Vaults:2)
  6 wolves
  An ogre (shapeshifter) (Vaults:5)
  6 ogres
  17 centaurs
  A lemure (D:4)
  2 phantoms (D:5)
  10 kobold brigands
  Blork the orc (D:4)
  9 bullfrogs
  A gnoll sergeant (D:12)
  5 scorpions
  2 earth elementals
  4 wights (D:7)
  11 killer bees (D:9)
  6 howler monkeys
  9 electric eels
  A bombardier beetle (D:7)
  3 lava snakes (Lair:3)
  15 orc priests
  2 centaur zombies
  2 jellies
  2 gnoll boudas
  4 hounds
  2 iguanas
  2 scorpion zombies (D:7)
  16 orc wizards
  2 killer bee zombies (D:7)
  4 ogre zombies (Ossuary)
  7 mummies (Ossuary)
  Robin (D:2)
  2 howler monkey skeletons (D:7)
  20 gnolls
  19 adders
  5 white imps
  5 adder zombies (Ossuary)
  2 ribbon worms
  64 orcs
  4 endoplasms
  A giant cockroach (D:2)
  12 goblins
  10 hobgoblins
  2 jackals (D:2)
  3 quokkas
  12 ball pythons
  4 bats
  2 frilled lizards (D:3)
  4 goblin zombies (Ossuary)
  2 hobgoblin zombies (Ossuary)
  34 kobolds
  4 kobold zombies (Ossuary)
  4 quokka zombies (Ossuary)
  7 rats
  6 rat zombies (Ossuary)
  An aspiring flesh (Zot:1)
2021 creatures vanquished.

Vanquished Creatures (others)
  A black draconian (Zot:1)
  A vampire mosquito (Swamp:2)
  An orc wizard (D:9)
  4 foxfires (Swamp:4)
7 creatures vanquished.

Grand Total: 2028 creatures vanquished

Notes
Turn   | Place    | Note
-------+----------+-------------------------------------------
     0 | D:1      | runemasterragnar the Coglin Hunter began the quest for the
                  | Orb.
     0 | D:1      | Reached XP level 1. HP: 16/16 MP: 1/1
    60 | D:1      | You fall into a shaft and drop 1 floor!
    81 | D:2      | Reached skill level 1 in Stealth
    93 | D:2      | Reached XP level 2. HP: 19/22 MP: 2/2
   383 | D:2      | Found Nurucunu's Weapon Emporium.
   494 | D:2      | Noticed Robin
   497 | D:2      | Killed Robin
   498 | D:2      | Reached XP level 3. HP: 27/27 MP: 3/3
   906 | D:1      | Reached XP level 4. HP: 34/34 MP: 4/4
  1873 | D:3      | Reached XP level 5. HP: 40/40 MP: 5/5
  1920 | D:3      | Found a sparkling altar of Nemelex Xobeh.
  1999 | D:3      | Noticed Grinder
  2004 | D:3      | Paralysed by Grinder for 4 turns
  2012 | D:3      | Killed Grinder
  2013 | D:3      | Reached skill level 3 in Fighting
  2013 | D:3      | Reached skill level 5 in Ranged Weapons
  2013 | D:3      | Reached XP level 6. HP: 26/47 MP: 6/6
  2215 | D:3      | Noticed Sigmund
  2225 | D:3      | Killed Sigmund
  2226 | D:3      | Reached skill level 1 in Evocations
  2226 | D:3      | Reached XP level 7. HP: 49/53 MP: 7/7
  2290 | D:3      | Found Gamip's Antique Weapon Boutique.
  2346 | D:3      | Found a faded altar of an unknown god.
  2943 | D:4      | Noticed Blork the orc
  2952 | D:4      | Found an iron altar of Okawaru.
  2959 | D:4      | Became a worshipper of Warmaster Okawaru
  2965 | D:4      | Found a shimmering blue altar of Sif Muna.
  2994 | D:4      | Killed Blork the orc
  3151 | D:4      | Noticed Pikel
  3170 | D:4      | Killed Pikel
  3170 | D:4      | Reached * piety under Okawaru
  3171 | D:4      | Reached skill level 4 in Fighting
  3171 | D:4      | Reached skill level 1 in Invocations
  3171 | D:4      | Reached XP level 8. HP: 20/61 MP: 7/9
  3553 | D:4      | Found a hide-covered altar of Uskayaw.
  3770 | D:5      | Entered Level 5 of the Dungeon
  3912 | D:5      | Reached XP level 9. HP: 67/67 MP: 10/10
  3987 | D:5      | Reached ** piety under Okawaru
  4008 | D:5      | Reached skill level 5 in Fighting
  4493 | D:5      | Found a shadowy altar of Dithmenos.
  4904 | D:6      | Found a shimmering altar of Xom.
  4965 | D:6      | Found a staircase to the Ecumenical Temple.
  5004 | D:6      | Reached skill level 5 in Evocations
  5009 | Temple   | Entered the Ecumenical Temple
  5367 | D:6      | Reached skill level 5 in Dodging
  5871 | D:7      | Noticed a hornet
  5999 | D:7      | Found a sand-covered staircase.
  6015 | Ossuary  | Entered an ossuary
  6456 | D:7      | Killed a hornet
  6456 | D:7      | Reached *** piety under Okawaru
  6577 | D:7      | Reached XP level 10. HP: 65/76 MP: 12/12
  6785 | D:7      | Reached skill level 5 in Stealth
  6792 | D:7      | Reached skill level 6 in Fighting
  7075 | D:8      | Found a snail-covered altar of Cheibriados.
  7698 | D:9      | Reached **** piety under Okawaru
  8133 | D:9      | Found a glowing silver altar of Zin.
  8364 | D:9      | Found a glowing golden altar of the Shining One.
  8364 | D:9      | Found a broken altar of Ashenzari.
  8521 | D:9      | Found a blossoming altar of Fedhas.
  8662 | D:10     | Entered Level 10 of the Dungeon
  8680 | D:10     | Noticed a two-headed ogre
  8687 | D:10     | Killed a two-headed ogre
  8688 | D:10     | Reached XP level 11. HP: 83/83 MP: 11/14
  8740 | D:10     | Noticed Sonja
  8749 | D:10     | Killed Sonja
  8749 | D:10     | Reached ***** piety under Okawaru
  8750 | D:10     | Reached skill level 7 in Fighting
  8779 | D:10     | Found Apry's Armour Shoppe.
  8787 | D:10     | Bought a +2 cloak of poison resistance for 240 gold pieces
  8843 | D:10     | Noticed a two-headed ogre
  8849 | D:10     | Killed a two-headed ogre
  8849 | D:10     | Received a gift from Okawaru
  8867 | D:10     | Noticed a two-headed ogre
  8868 | D:10     | Noticed Harold
  8925 | D:10     | Found a flagged portal.
  8934 | Bailey   | Entered a bailey
  9594 | Bailey   | Found a burning altar of Makhleb.
  9640 | D:10     | Killed a two-headed ogre
  9737 | D:10     | Paralysed by a hornet for 1 turns
  9819 | D:10     | Noticed an oklob plant
  9950 | D:10     | Killed Harold
  9951 | D:10     | Reached skill level 5 in Invocations
 10022 | D:10     | Noticed a two-headed ogre
 10029 | D:10     | Killed a two-headed ogre
 10030 | D:10     | Reached skill level 10 in Ranged Weapons
 10166 | D:10     | Found Xosairoh's Armour Shoppe.
 10215 | D:10     | Bought the +2 pair of boots of Vehumet, Burning {Will++}
                  | for 461 gold pieces
 10251 | D:10     | Found Caihal's Armour Boutique.
 10268 | D:10     | Noticed Psyche
 10285 | D:10     | Killed Psyche
 11027 | D:11     | Found a staircase to the Orcish Mines.
 11071 | D:11     | Noticed a cyan ugly thing
 11084 | D:11     | Killed a cyan ugly thing
 11640 | D:11     | Received a gift from Okawaru
 11641 | D:11     | Reached XP level 12. HP: 88/92 MP: 15/15
 11827 | D:11     | Found a staircase to the Lair.
 11936 | Lair:1   | Entered Level 1 of the Lair of Beasts
 12023 | Lair:1   | Reached skill level 8 in Fighting
 12415 | Lair:1   | Noticed a six-headed hydra
 12426 | Lair:1   | Killed a six-headed hydra
 12904 | Lair:2   | Noticed a six-headed hydra
 12914 | Lair:2   | Killed a six-headed hydra
 13017 | Lair:2   | Received a gift from Okawaru
 13121 | Lair:2   | Noticed Gastronok
 14154 | Lair:2   | Reached skill level 10 in Evocations
 14154 | Lair:2   | Reached XP level 13. HP: 90/100 MP: 17/17
 14173 | Lair:2   | Identified a scroll of acquirement
 14174 | Lair:2   | Acquired a +1 hand cannon of freezing
 14281 | Lair:2   | Killed Gastronok
 14386 | Lair:3   | Received a gift from Okawaru
 14387 | Lair:3   | Reached skill level 9 in Fighting
 14429 | Lair:3   | Found a gate leading to a gauntlet.
 14438 | Gauntlet | Entered a Gauntlet
 14438 | Gauntlet | Found a transporter.
 14438 | Gauntlet | Found a transporter.
 14447 | Gauntlet | Found a transporter.
 14467 | Gauntlet | Found a transporter.
 14472 | Gauntlet | Found a transporter.
 14482 | Gauntlet | Found a transporter.
 14497 | Gauntlet | Found a transporter.
 14503 | Gauntlet | Found a transporter.
 14517 | Gauntlet | Found a transporter.
 14607 | Gauntlet | Noticed a dire elephant
 14614 | Gauntlet | Found a transporter.
 14616 | Gauntlet | Found a transporter.
 14617 | Gauntlet | Found a transporter.
 14819 | Gauntlet | Identified the +1 leather armour "Zaurirch" {-Cast rElec
                  | rCorr Dex+6}
 14858 | Gauntlet | Found the +3 giant club "Skullcrusher" {speed, Str+7}
 14858 | Gauntlet | Found the ring of the Mage {Wiz Archmagi}
 14858 | Gauntlet | Noticed a minotaur
 14866 | Gauntlet | Killed a minotaur
 14887 | Gauntlet | Identified the ring "Ini Uw Gou" {Str+6 Dex+6}
 14977 | Lair:3   | Found a staircase to the Snake Pit.
 15631 | Lair:4   | Noticed Snorg
 15636 | Lair:4   | Killed Snorg
 15982 | Lair:4   | Found a staircase to the Slime Pits.
 15982 | Lair:4   | Found a viscous altar of Jiyva.
 16208 | Lair:5   | Entered Level 5 of the Lair of Beasts
 16214 | Lair:5   | Reached skill level 10 in Fighting
 16220 | Lair:5   | Received a gift from Okawaru
 16230 | Lair:5   | Reached ****** piety under Okawaru
 16307 | Lair:5   | Reached XP level 14. HP: 111/111 MP: 18/18
 16308 | Lair:5   | Acquired a NW-90 ultrascope {AutoDazzle, rPois rC+ rCorr}
 16451 | Lair:5   | Found a dark tunnel.
 16460 | Volcano  | Entered a volcano
 16478 | Volcano  | Reached skill level 11 in Fighting
 16483 | Volcano  | Received a gift from Okawaru
 16492 | Volcano  | Found a large runed translucent door.
 16494 | Volcano  | Found a large runed translucent door.
 16494 | Volcano  | Found a large runed translucent door.
 16495 | Volcano  | Found a large runed translucent door.
 16496 | Volcano  | Found a large runed translucent door.
 16496 | Volcano  | Found a large runed translucent door.
 16499 | Volcano  | Noticed a red draconian
 16540 | Volcano  | Acquired the +1 pair of gloves of the Shimmering Gods {+Inv
                  | rElec rF++}
 16540 | Volcano  | Received a gift from Okawaru
 16551 | Volcano  | Noticed a red draconian
 16559 | Volcano  | Killed a red draconian
 16560 | Volcano  | Killed a red draconian
 16566 | Volcano  | Found a large runed translucent door.
 16566 | Volcano  | Found a large runed translucent door.
 16583 | Volcano  | Found a large runed translucent door.
 16583 | Volcano  | Found a large runed translucent door.
 16608 | Volcano  | Noticed a red draconian
 16609 | Volcano  | Found a large runed translucent door.
 16609 | Volcano  | Found a large runed translucent door.
 16614 | Volcano  | Killed a red draconian
 16624 | Volcano  | Found a large runed translucent door.
 16625 | Volcano  | Found a large runed translucent door.
 16718 | Volcano  | Found a large runed translucent door.
 16718 | Volcano  | Found a large runed translucent door.
 16724 | Volcano  | Received a gift from Okawaru
 16793 | Volcano  | Found a large runed translucent door.
 16793 | Volcano  | Found a large runed translucent door.
 17546 | Lair:5   | Reached skill level 15 in Ranged Weapons
 17549 | Lair:5   | Received a gift from Okawaru
 17558 | Lair:5   | Reached skill level 12 in Fighting
 17757 | Lair:5   | Noticed Rupert
 17766 | Lair:5   | Killed Rupert
 18001 | Orc:1    | Entered Level 1 of the Orcish Mines
 18042 | Orc:1    | Reached XP level 15. HP: 116/121 MP: 19/19
 18160 | D:10     | Bought the +0 cloak of Durable Satisfaction {rElec Will+
                  | Int+2 Dex-2} for 337 gold pieces
 18325 | Orc:1    | Found a large runed translucent door.
 18325 | Orc:1    | Found a large runed translucent door.
 18437 | Orc:1    | Noticed Hiush's ghost (journeyman OnGl)
 18530 | Orc:2    | Entered Level 2 of the Orcish Mines
 18539 | Orc:2    | Received a gift from Okawaru
 18666 | Orc:2    | Found a staircase to the Elven Halls.
 18699 | Orc:2    | Found an iron altar of Okawaru.
 18895 | Orc:2    | Found Weipleh's Weapon Shoppe.
 18895 | Orc:2    | Found Masi's Magic Scroll Shop.
 18897 | Orc:2    | Found Seqe's Armour Shoppe.
 18897 | Orc:2    | Found Kuvvauri's Armour Shop.
 18919 | Orc:2    | Bought a +2 helmet of see invisible for 322 gold pieces
 19571 | Snake:1  | Entered Level 1 of the Snake Pit
 19609 | Snake:1  | Received a gift from Okawaru
 19635 | Snake:1  | Reached skill level 13 in Fighting
 20443 | Snake:1  | Noticed Nikola
 20451 | Snake:1  | Killed Nikola
 20516 | Snake:1  | Found a runed translucent gate.
 20517 | Snake:1  | Found a runed translucent gate.
 20518 | Snake:1  | Found a runed translucent gate.
 20537 | Snake:1  | Noticed Siosed's ghost (adept DgFE)
 21310 | Snake:2  | Received a gift from Okawaru
 21496 | Snake:2  | Identified the serpent talisman of Lethargy {rElec Str+5}
 21496 | Snake:2  | Noticed Aizul
 21503 | Snake:2  | Killed Aizul
 21624 | Snake:2  | Found a runed translucent gate.
 21624 | Snake:2  | Found a runed translucent gate.
 21624 | Snake:2  | Found a runed translucent gate.
 21625 | Snake:2  | Found an opulent altar of Gozag.
 21625 | Snake:2  | Noticed bigduke15's ghost (adept MDFi)
 21719 | Snake:3  | Reached XP level 16. HP: 109/132 MP: 13/20
 21944 | Snake:3  | Reached skill level 14 in Fighting
 21997 | Snake:3  | Received a gift from Okawaru
 22170 | Snake:3  | Found Dauqeki's Book Shoppe.
 22170 | Snake:3  | Found Jickes's Jewellery Shop.
 22193 | Snake:3  | Found Faupnukk's Book Shoppe.
 22476 | Snake:4  | Entered Level 4 of the Snake Pit
 22537 | Snake:4  | Received a gift from Okawaru
 22541 | Snake:4  | Noticed a nagaraja
 22543 | Snake:4  | Killed a nagaraja
 22769 | Snake:4  | Noticed a quicksilver dragon
 22775 | Snake:4  | Killed a quicksilver dragon
 22848 | Snake:4  | Got a serpentine rune of Zot
 23139 | Snake:4  | Received a gift from Okawaru
 23192 | Snake:4  | Noticed a nagaraja
 23194 | Snake:4  | Killed a nagaraja
 23195 | Snake:4  | Reached skill level 15 in Fighting
 23212 | Snake:4  | Noticed Agnes
 23218 | Snake:4  | Killed Agnes
 23684 | Snake:4  | Noticed Louise
 23694 | Snake:4  | Killed Louise
 23702 | Snake:4  | Reached XP level 17. HP: 104/142 MP: 21/21
 23967 | Snake:4  | Received a gift from Okawaru
 23969 | Snake:4  | Noticed Vashnia
 24424 | Snake:4  | Killed Vashnia
 25292 | Lair:2   | Found a staircase to the Swamp.
 25403 | Swamp:1  | Entered Level 1 of the Swamp
 25749 | Swamp:1  | Identified the +0 scale mail "Macoaj" {rElec Int+4 Dex-3
                  | Stlth+}
 26362 | Swamp:2  | Reached skill level 16 in Fighting
 26889 | Swamp:3  | Received a gift from Okawaru
 27036 | Swamp:3  | Acquired a manual of Stealth
 27177 | Swamp:3  | Noticed Donald
 27181 | Swamp:3  | Killed Donald
 27375 | Swamp:4  | Entered Level 4 of the Swamp
 27651 | Swamp:4  | Reached XP level 18. HP: 152/153 MP: 16/23
 27802 | Swamp:4  | Identified the ring "Pexoq" {rElec rPois rN+ Will+}
 28039 | Swamp:4  | Noticed the 27-headed Lernaean hydra
 28051 | Swamp:4  | Killed the 27-headed Lernaean hydra
 28107 | Swamp:4  | Got a decaying rune of Zot
 28164 | Swamp:4  | Reached skill level 17 in Fighting
 28182 | Swamp:4  | Noticed a tentacled monstrosity
 28187 | Swamp:4  | Killed a tentacled monstrosity
 28188 | Swamp:4  | Reached skill level 10 in Stealth
 28366 | Swamp:4  | Received a gift from Okawaru
 28875 | Elf:1    | Entered Level 1 of the Elven Halls
 28894 | Elf:1    | Found a runed translucent door.
 29122 | Elf:1    | Found a glowing golden altar of the Shining One.
 29123 | Elf:1    | Found a crumbling gateway.
 29123 | Elf:1    | Found a white marble altar of Elyvilon.
 29134 | Elf:1    | Found a glowing silver altar of Zin.
 29146 | Elf:1    | Found a runed translucent gate.
 29146 | Elf:1    | Found a runed translucent gate.
 29146 | Elf:1    | Found a runed translucent gate.
 29146 | Elf:1    | Found a runed translucent gate.
 29146 | Elf:1    | Found a runed translucent gate.
 29146 | Elf:1    | Found a runed translucent gate.
 29332 | Elf:1    | Found a runed translucent door.
 29421 | Elf:1    | Reached skill level 10 in Dodging
 29889 | D:12     | Found a stormy altar of Qazlal.
 30270 | D:13     | Noticed Kirke
 30274 | D:13     | Killed Kirke
 30374 | D:13     | Identified the +8 chain mail of Fortitude {-Cast +Blink
                  | rF++}
 30505 | D:13     | Found a transporter.
 30517 | D:13     | Noticed mdonais's ghost (novice OpBr)
 30535 | D:13     | Found a transporter.
 30572 | D:13     | Noticed Azrael
 30586 | D:13     | Killed Azrael
 30587 | D:13     | Reached XP level 19. HP: 144/162 MP: 25/25
 31466 | D:14     | Identified the +1 trident of Fate {pain, rCorr Str+3}
 31472 | D:14     | Reached skill level 18 in Fighting
 31478 | D:14     | Received a gift from Okawaru
 31491 | D:14     | Found a gate to the Vaults.
 31806 | D:15     | Entered Level 15 of the Dungeon
 32260 | D:15     | Received a gift from Okawaru
 32304 | D:15     | Found a staircase to the Depths.
 32721 | Elf:2    | Noticed Yzanit's ghost (adept GnWn)
 32722 | Elf:2    | Found a runed translucent door.
 32905 | Elf:2    | Paralysed by an air elemental for 1 turns
 33000 | Elf:2    | Found a runed translucent gate.
 33000 | Elf:2    | Found a runed translucent gate.
 33006 | Elf:2    | Found a runed translucent gate.
 33118 | Elf:2    | Acquired a +3 hand cannon of freezing
 33118 | Elf:2    | Received a gift from Okawaru
 33134 | Elf:2    | Paralysed by an air elemental for 1 turns
 33293 | Elf:2    | Noticed Roxanne
 33327 | Elf:2    | Killed Roxanne
 33686 | Elf:3    | Entered Level 3 of the Elven Halls
 34115 | Elf:3    | Gained mutation: You are partially covered in iridescent
                  | scales. (AC +2) [a shining eye]
 34121 | Elf:3    | Found a runed translucent gate.
 34121 | Elf:3    | Found a runed translucent gate.
 34121 | Elf:3    | Found a runed translucent gate.
 34129 | Elf:3    | Noticed MrSquiggles's ghost (adept GrFi)
 34405 | Vaults:1 | Entered Level 1 of the Vaults
 34522 | Vaults:1 | Received a gift from Okawaru
 34527 | Arena    | Entered the Arena
 35061 | Vaults:1 | Reached XP level 20. HP: 119/172 MP: 19/27
 35086 | Vaults:1 | Reached skill level 19 in Fighting
 37147 | Vaults:2 | Reached skill level 15 in Evocations
 37434 | Vaults:2 | Received a gift from Okawaru
 37557 | Vaults:2 | Found Yvogit's Distillery.
 37568 | Vaults:2 | Bought 2 potions of heal wounds for 150 gold pieces
 37606 | Vaults:2 | Reached skill level 10 in Invocations
 37902 | Vaults:2 | Paralysed by a formless jellyfish for 1 turns
 38233 | Vaults:2 | Identified the ring "Reoxa" {rF+ Dex+5}
 38273 | Vaults:2 | Identified the +3 leather armour "Inamiyna" {rElec Dex+4
                  | SInv}
 38281 | Vaults:2 | Identified the +2 scale mail of Tempters {Str+7}
 38282 | Vaults:2 | Identified the amulet of Loasm {Rampage *Slow rC+ Regen+
                  | SInv}
 38360 | Vaults:2 | Received a gift from Okawaru
 38808 | Vaults:2 | Found Loeluul's Antique Armour Shoppe.
 38854 | Vaults:3 | Identified the +10 dagger "Impbane" {spect, rPois Will++
                  | MP+9 Dex-3}
 38913 | Vaults:3 | Reached skill level 20 in Fighting
 38913 | Vaults:3 | Reached XP level 21. HP: 85/183 MP: 28/28
 39538 | Vaults:3 | Received a gift from Okawaru
 40109 | Vaults:3 | Found a staircase to the Crypt.
 40109 | Vaults:3 | Found an ancient bone altar of Kikubaaqudgha.
 40172 | Vaults:3 | Found a basalt altar of Yredelemnul.
 40175 | Vaults:3 | Found a huge runed translucent gate.
 40175 | Vaults:3 | Found a huge runed translucent gate.
 40175 | Vaults:3 | Found a huge runed translucent gate.
 40175 | Vaults:3 | Found a huge runed translucent gate.
 40175 | Vaults:3 | Found a huge runed translucent gate.
 40175 | Vaults:3 | Found a huge runed translucent gate.
 40175 | Vaults:3 | Found a huge runed translucent gate.
 40175 | Vaults:3 | Found a huge runed translucent gate.
 40175 | Vaults:3 | Found a huge runed translucent gate.
 40176 | Vaults:3 | Found a huge runed translucent gate.
 40176 | Vaults:3 | Found a huge runed translucent gate.
 40176 | Vaults:3 | Found a huge runed translucent gate.
 40176 | Vaults:3 | Found a huge runed translucent gate.
 40180 | Vaults:3 | Found a huge runed translucent gate.
 40181 | Vaults:3 | Found a huge runed translucent gate.
 40182 | Vaults:3 | Found a huge runed translucent gate.
 40182 | Vaults:3 | Found a huge runed translucent gate.
 40184 | Vaults:3 | Found a huge runed translucent gate.
 40185 | Vaults:3 | Found a huge runed translucent gate.
 40188 | Vaults:3 | Found a huge runed translucent gate.
 40189 | Vaults:3 | Found a huge runed translucent gate.
 40189 | Vaults:3 | Found a huge runed translucent gate.
 40193 | Vaults:3 | Found a huge runed translucent gate.
 40196 | Vaults:3 | Found a huge runed translucent gate.
 40196 | Vaults:3 | Found a huge runed translucent gate.
 40196 | Vaults:3 | Found a huge runed translucent gate.
 40196 | Vaults:3 | Found a huge runed translucent gate.
 40199 | Vaults:3 | Found a huge runed translucent gate.
 40200 | Vaults:3 | Found a huge runed translucent gate.
 40201 | Vaults:3 | Found a huge runed translucent gate.
 40201 | Vaults:3 | Found a huge runed translucent gate.
 40206 | Vaults:3 | Found a huge runed translucent gate.
 40207 | Vaults:3 | Found a huge runed translucent gate.
 40207 | Vaults:3 | Found a huge runed translucent gate.
 40207 | Vaults:3 | Found a huge runed translucent gate.
 40207 | Vaults:3 | Found a huge runed translucent gate.
 40732 | Vaults:3 | Noticed Bai Suzhen
 40751 | Vaults:3 | Killed Bai Suzhen
 41369 | Vaults:4 | Found Nesoma's Distillery.
 41388 | Vaults:4 | Bought a potion of heal wounds for 110 gold pieces
 41388 | Vaults:4 | Bought a potion of heal wounds for 110 gold pieces
 41531 | Vaults:4 | Found Doasemaq's Jewellery Shop.
 41854 | Vaults:4 | Received a gift from Okawaru
 42072 | Vaults:4 | Reached skill level 15 in Stealth
 42695 | Depths:1 | Entered Level 1 of the Depths
 42705 | Depths:1 | Reached skill level 21 in Fighting
 42844 | Depths:1 | Reached XP level 22. HP: 158/194 MP: 23/30
 43127 | Depths:1 | Found a gateway to Hell.
 43226 | Depths:1 | Received a gift from Okawaru
 43901 | Depths:1 | Found an iron altar of Okawaru.
 44076 | Depths:2 | Found a one-way gateway to a ziggurat.
 44309 | Depths:2 | Acquired 480 gold pieces
 44311 | Depths:2 | Acquired 606 gold pieces
 44638 | Depths:2 | Received a gift from Okawaru
 44647 | Depths:2 | Noticed a golden dragon
 44714 | Depths:2 | Noticed a golden dragon
 45081 | Depths:2 | Killed a golden dragon
 45225 | Depths:2 | Identified the +1 scale mail of Mysticism {rPois rC+}
 45228 | Depths:2 | Identified the +5 sling of Corruption {antimagic, rElec
                  | rCorr Str-4 Int+4}
 45551 | Depths:2 | Found Riafisch's Antique Armour Shoppe.
 45678 | Depths:2 | Killed a golden dragon
 45823 | Depths:2 | Found a one-way gate leading to the halls of Pandemonium.
 46299 | Depths:2 | Received a gift from Okawaru
 46873 | Depths:2 | Reached skill level 22 in Fighting
 47279 | Depths:3 | Noticed a golden dragon
 47283 | Depths:3 | Killed a golden dragon
 47375 | Depths:3 | Reached XP level 23. HP: 203/203 MP: 24/31
 47419 | Depths:3 | Found a one-way gate to the infinite horrors of the Abyss.
 48770 | Depths:3 | Noticed a caustic shrike
 48770 | Depths:3 | Noticed a golden dragon
 48793 | Depths:3 | Noticed a golden dragon
 48796 | Depths:3 | Killed a caustic shrike
 48799 | Depths:3 | Killed a golden dragon
 48800 | Depths:3 | Killed a golden dragon
 49033 | Depths:4 | Entered Level 4 of the Depths
 49115 | Depths:4 | Noticed a golden dragon
 49120 | Depths:4 | Killed a golden dragon
 49237 | Depths:4 | Noticed a caustic shrike
 49237 | Depths:4 | Noticed a caustic shrike
 49237 | Depths:4 | Noticed a caustic shrike
 49250 | Depths:3 | HP: 9/205 [caustic shrike (7)]
 50161 | Vaults:2 | Bought a potion of haste for 150 gold pieces
 50266 | Vaults:4 | Bought a potion of haste for 220 gold pieces
 50266 | Vaults:4 | Bought a potion of invisibility for 176 gold pieces
 50327 | Vaults:5 | Entered Level 5 of the Vaults
 50340 | Vaults:5 | Noticed a golden dragon
 50343 | Vaults:5 | Killed a golden dragon
 50373 | Vaults:5 | Received a gift from Okawaru
 50712 | Vaults:5 | Noticed a golden dragon
 50718 | Vaults:5 | Killed a golden dragon
 50903 | Vaults:5 | Noticed a dread lich
 50913 | Vaults:5 | Killed a dread lich
 50914 | Vaults:5 | Reached skill level 23 in Fighting
 50922 | Vaults:5 | Received a gift from Okawaru
 50988 | Vaults:5 | Reached XP level 24. HP: 214/214 MP: 32/32
 51002 | Vaults:5 | Got a silver rune of Zot
 51175 | Vaults:5 | Noticed a dread lich
 51190 | Vaults:5 | Killed a dread lich
 51394 | Vaults:5 | Identified the amulet "Hiog" {Acrobat Fly rN+ Int-4 Stlth+}
 51533 | Vaults:5 | Noticed an ancient lich
 51545 | Vaults:5 | Killed an ancient lich
 51793 | Vaults:5 | Identified the +7 quarterstaff of the Little People {flame,
                  | rPois rN+ Str-3}
 51867 | Vaults:5 | Identified the +5 broad axe of the Boiling Point {flame,
                  | rN+ Dex+2}
 51874 | Vaults:5 | Received a gift from Okawaru
 52503 | Vaults:5 | Found Wanusaos's Magic Scroll Emporium.
 52508 | Vaults:5 | Bought a scroll of teleportation for 69 gold pieces
 52508 | Vaults:5 | Bought a scroll of teleportation for 69 gold pieces
 52508 | Vaults:5 | Bought a scroll of fog for 92 gold pieces
 52508 | Vaults:5 | Bought a scroll of fog for 92 gold pieces
 52544 | Vaults:5 | Reached skill level 15 in Dodging
 52545 | Vaults:5 | Found Kafea's Distillery.
 52545 | Vaults:5 | Found Yhaxes's Magic Scroll Shop.
 52550 | Vaults:5 | Bought a potion of heal wounds for 55 gold pieces
 52550 | Vaults:5 | Bought a potion of resistance for 110 gold pieces
 52561 | Vaults:5 | Bought a scroll of blinking for 120 gold pieces
 52561 | Vaults:5 | Bought a scroll of teleportation for 48 gold pieces
 52573 | Vaults:5 | Found Waumomof's Magic Scroll Shop.
 52581 | Vaults:5 | Bought a scroll of teleportation for 48 gold pieces
 52716 | Vaults:5 | Received a gift from Okawaru
 53094 | Slime:1  | Entered Level 1 of the Pits of Slime
 53102 | Slime:1  | Gained mutation: You are clumsy. (Dex -2) [a shining eye]
 53138 | Slime:1  | Gained mutation: You occasionally lose the ability to drink
                  | potions when taking damage. [a shining eye]
 53401 | Slime:2  | Reached skill level 24 in Fighting
 53410 | Slime:2  | Received a gift from Okawaru
 53992 | Slime:3  | Reached XP level 25. HP: 223/223 MP: 28/32
 54720 | Slime:5  | Entered Level 5 of the Pits of Slime
 55112 | Slime:5  | Noticed the Royal Jelly
 56325 | Depths:4 | Received a gift from Okawaru
 57992 | Depths:4 | Found a gate to the Realm of Zot.
 58044 | Zot:1    | Entered Level 1 of the Realm of Zot
 58257 | Zot:1    | Reached skill level 25 in Fighting
 58336 | Zot:1    | Noticed an orb of fire
 58337 | Zot:1    | Gained mutation: You occasionally shout uncontrollably at
                  | your foes. [an orb of fire]
 58339 | Zot:1    | Killed an orb of fire
 58514 | Zot:1    | Reached XP level 26. HP: 235/235 MP: 11/33
 58635 | Zot:1    | Received a gift from Okawaru
 58952 | Zot:1    | Found a runed translucent gate.
 58952 | Zot:1    | Found a runed translucent gate.
 58952 | Zot:1    | Found a runed translucent gate.
 58957 | Zot:1    | Noticed Rudyous's ghost (legendary HuCj)
 58957 | Zot:1    | Noticed Icot's ghost (veteran NaBe)
 59644 | Zot:2    | Received a gift from Okawaru
 60664 | Zot:3    | Found the +4 dragonskin cloak {Aegis}
 60664 | Zot:3    | Noticed Tiamat
 60685 | Zot:3    | HP: 9/236 [constriction (6)]
 60685 | Zot:3    | Mangled by a green draconian monk

Illustrated notes

Levels and vault maps discovered:
D:1:      saegor_arrival_simple_a, layout_loops_ring
D:2:      layout_basic, serial_shops, nicolae_shop_bloodbath_and_beyond,
          uniq_robin
D:3:      layout_basic, nemelex_dance_club_becter, serial_shops,
          nicolae_shop_overgrown_old_shop, basic_ecumenical_altar,
          serial_curves, eino_curves_03, eino_curves_01, uniq_grinder,
          uniq_sigmund
D:4:      layout_loops_cross, nicolae_uskayaw_suspiria, jmf_multi_god_temple2,
          corexii_item_surrounded_by_moat, uniq_pikel, uniq_blork_the_orc
D:5:      cheibrodos_quashed, layout_basic, grunt_dithmenos_smoke_and_mirrors
D:6:      layout_gridville, tgw_xom, minmay_temple_entry_slanted
D:7:      layout_rooms, mainiacjoe_ossuary_entry_find_the_door, minivault_23
D:8:      layout_gridville, cheibriados_altar_1
D:9:      layout_rooms, ashenzari_conservatory_becter, fedhas_altar_fruit_tree,
          mainiacjoe_overflow_catch_the_wave
D:10:     layout_irregular_city, enter_bailey_2, serial_shops,
          nicolae_shop_just_a_little_nook, shop, shop, introduction_to_nature_1,
          uniq_sonja, uniq_harold, uniq_psyche
D:11:     layout_loops_corners, grunt_lair_entry_orc_guard_hut,
          minmay_orc_entry_guard_dogs
D:12:     layout_gridville, grunt_qazlal_clouds
D:13:     layout_basic, gammafunk_ghost_berserking_beasts,
          roderic_nine_men_s_morris, hive_lemuel, uniq_azrael, uniq_kirke
D:14:     layout_cave_pools, grunt_vaults_entry_tiered, minivault_11,
          minivault_16
D:15:     grunt_enter_depths_magical_seal, layout_cross, nicolae_two_hexagons
Temple:   grunt_temple_mini_profane
Lair:1:   layout_small_grid, disabler_island, grunt_megastairs_3
Lair:2:   layout_long_grid, nicolae_swamp_entry_splash_gauntlet,
          hangedman_lair_unloving_vines, uniq_gastronok
Lair:3:   layout_chaotic_city, nicolae_snake_entry_warm_welcome,
          gauntlet_entry_generic, grunt_forest_large_clearings,
          infiniplex_staircase_pool_2
Lair:4:   layout_roguey, slime_entry_1, uniq_snorg
Lair:5:   evilmike_catoblepas_cave, layout_gridlike,
          nicolae_volcano_entry_vermiform, grunt_megastairs_4, uniq_rupert
Swamp:1:  layout_basic_swamp, nicolae_swamp_some_circles, swamp_pool_1_2,
          nicolae_swamp_reclaimed_castle, cheibrodos_swamp_witchery,
          infiniplex_staircase_pool
Swamp:2:  layout_basic_swamp, nicolae_swamp_trees_clearing,
          nicolae_swamp_long_stream
Swamp:3:  layout_falls_marsh, evilmike_swamp_ruin_house_1, uniq_donald
Swamp:4:  grunt_swamp_rune_castle, layout_basic_swamp, swamp_pool_1_2,
          nicolae_swamp_feature_on_the_river_bank
Snake:1:  layout_chambers, gammafunk_ghost_necromancy,
          nicolae_snake_snakes_in_the_grass, uniq_nikola
Snake:2:  layout_misc_corridors, ebering_ghost_gozag, uniq_aizul
Snake:3:  layout_grid_maze, minmay_shop_grove, serial_bayou_shore_a
Snake:4:  hellmonk_snake_rune_quicksilver_temple, layout_layer_cave, uniq_agnes,
          uniq_vashnia, uniq_louise
Slime:1:  layout_caves, cheibrodos_slime_lost_civilization_7
Slime:2:  layout_caves
Slime:3:  nicolae_slime_pool, layout_caves, nicolae_slime_rock_hall_of_fame
Slime:4:  layout_caves
Slime:5:  slime_pit
Orc:1:    layout_diamond_mine, ebering_ghost_disaster_area
Orc:2:    grunt_orc_tribal_feast, layout_caves, okawaru_metal_pillars_1_2
Elf:1:    nicolae_elf_arrival_dilemma, layout_loops_cross,
          portal_desolation_entry_holy_temple, regret_index_elf_centigrade,
          grunt_ministairs_10
Elf:2:    nicolae_elf_blades_splatter_lattice [nicolae_blade_little_rooms],
          layout_geoelf_grid, hellmonk_ghost_happy_afterlife, uniq_roxanne
Elf:3:    elf_hall, layout_geoelf_grid, gammafunk_ghost_ooze, grunt_megastairs_1
Vaults:1: nicolae_vaults_sealed_display, nicolae_vaults_two_Ls,
          vaults_room_grunt_arrival_ludios, hangedman_vaults_river_flow,
          grunt_vaults_focal, ontoclasm_vaults_twist,
          nicolae_vaults_little_squares_2, nicolae_vaults_mini_display_case,
          lightli_orcish_oven, v_alt_pattern_4, nicolae_vaults_little_squares_1,
          vaults_dpeg_emergency_exit, nicolae_vaults_what_the_h,
          nicolae_vaults_tetromino_L_1, layout_vaults_big_cross
Vaults:2: v_misc_15, nicolae_vaults_heist, ontoclasm_vaults_fault,
          hangedman_vaults_stretched_pinwheel, ontoclasm_vaults_spin,
          v_pattern_1, vaults_mumra_hexcomb,
          nicolae_vaults_storing_the_good_stuff, vaults_room_large_hall,
          nicolae_vaults_trapezoid_layered, nicolae_vaults_trapezoid_3,
          nicolae_vaults_storage_closets_2, v_misc_1,
          ontoclasm_vaults_decontamination, layout_vaults_big_room,
          serial_shops, shop, shop
Vaults:3: nicolae_vaults_oval_intersection, hangedman_vaults_variations,
          nicolae_vaults_network_square, vaults_room_octagon, v_alt_pattern_6,
          minmay_crypt_entry_necro_gods, door_vault, nicolae_vaults_house_2,
          nicolae_vaults_tetromino_T_2, nicolae_vaults_house_2,
          vaults_room_pools, hangedman_vaults_stream,
          nicolae_vaults_circle_grid_a, nicolae_vaults_two_Ls,
          nicolae_vaults_six-pack, layout_vaults_maze_snakey, uniq_bai_suzhen
Vaults:4: nicolae_vaults_diagonal_hallway_8,
          vaults_standard_mumra_enter_the_diamond, vaults_room_grid,
          ontoclasm_vaults_shuriken, nicolae_vaults_network_quinsquares
          [nicolae_vaults_network_quincunx_subvault,
          nicolae_vaults_network_quincunx_subvault,
          nicolae_vaults_network_quincunx_subvault,
          nicolae_vaults_network_quincunx_subvault],
          nicolae_vaults_closet_pinwheel_2, nicolae_vaults_trapezoid_layered,
          hangedman_vaults_stitches, v_alt_pattern_3, nicolae_vaults_two_Ls,
          nicolae_vaults_crenellated_ambush, nicolae_vaults_apartment_2,
          vaults_mumra_hex, vaults_dpeg_encased_lava, layout_vaults_ring,
          serial_shops, shop, shop
Vaults:5
Depths:1: layout_gridlike, lemuel_statue_altar, hangedman_coc_ice_floe,
          serial_glass, glass_columns_c, glass_columns_b,
          kennysheep_generic_room_6
Depths:2: nzn_winding_woodlands_large [nzn_winding_woodlands_5x5_checkerboard,
          nzn_winding_woodlands_5x15_jagged, nzn_winding_woodlands_hourglass,
          nzn_winding_woodlands_center_lodge,
          nzn_winding_woodlands_15x15_boxy_spiral,
          nzn_winding_woodlands_center_diamonds,
          nzn_winding_woodlands_5x5_cross, nzn_winding_woodlands_5x15_default,
          nzn_winding_woodlands_5x5_open_star], layout_gridlike,
          enter_ziggurat_d, grunt_pan_entry_in_and_out, hell_entry,
          serial_shops, nicolae_take_the_stairs, grunt_decor_resistance,
          grunt_decor_mini_mirrors
Depths:3: minmay_curly_fans, layout_honeycomb, hell_entry,
          minmay_misc_feat_nine_boxes, regret_index_abyss_entry_earlier_magic,
          grunt_potential, infiniplex_staircase_pool_lava
Depths:4: grunt_runaround [grunt_runaround_zot, grunt_runaround_doors_1,
          grunt_runaround_doors_2, grunt_runaround_doors_3,
          grunt_runaround_doors_4], hell_entry, pan_entry
Zot:1:    layout_twisted_circle, gammafunk_ghost_cemetery, grunt_ministairs_13
Zot:2:    layout_basic
Zot:3:    layout_gridlike, regret_index_zotdec_iron_s,
          nicolae_transporter_intersection, uniq_tiamat

Skill      XL: |  1  2  3  4  5  6  7  8  9 10 11 12 13 14 15 16 17 18 19 20 21 22 23 24 25 26 |
---------------+-------------------------------------------------------------------------------+-----
Stealth        | 1 2 3 4 5 6 7 9 11 12 14 15 16 17 18 | 18.0
Dodging        | 2 3 4 5 6 7 8 9 10 11 12 13 14 15 16 | 16.3
Ranged Weapons | 4 5 6 8 9 10 11 13 15 17 19 | 19.5
Fighting       | 3 4 5 6 7 8 10 12 13 15 16 17 18 20 21 22 23 24 25 | 25.5
Evocations     | 1 3 4 5 7 8 10 11 13 14 15 16 17 18 19 20 21 | 21.4
Invocations    | 1 2 3 4 5 6 7 8 9 10 11 12 13 14 | 14.4

Action                     |  1- 3 |  4- 6 |  7- 9 | 10-12 | 13-15 | 16-18 | 19-21 | 22-24 | 25-27 || total
---------------------------+-------+-------+-------+-------+-------+-------+-------+-------+-------++-------
   Fire: Sling             |   122 |   156 |   818 |  1716 |    69 |       |       |       |       ||  2881
         Hand cannon       |       |       |       |       |  1033 |  1566 |  2022 |  2234 |  1162 ||  8017
 Invoke: Heroism           |       |       |       |     7 |    12 |    15 |     9 |     4 |       ||    47
         Finesse           |       |       |       |     2 |     9 |    13 |    16 |    19 |    10 ||    69
         Receive Armour    |       |       |       |       |     1 |       |       |       |       ||     1
         Duel              |       |       |       |       |       |       |     1 |       |       ||     1
         Receive Weapon    |       |       |       |       |       |       |     1 |       |       ||     1
Ability: Invent Gizmo      |       |       |       |       |     1 |       |       |       |       ||     1
  Evoke: Wand              |       |       |    12 |    17 |       |       |     1 |     5 |    11 ||    46
         Gell's gravitambo |       |       |       |     3 |     2 |     2 |     2 |     5 |     1 ||    15
    Use: Scroll            |     1 |     8 |     4 |     4 |    16 |     6 |     3 |    16 |     6 ||    64
         Potion            |       |       |       |    11 |       |     3 |     1 |    11 |     4 ||    30
 Armour: Leather armour    |     8 |    10 |   103 |   261 |   117 |   193 |   296 |   303 |   235 ||  1526
         Skin              |       |       |       |    41 |       |       |       |       |       ||    41
  Dodge: Dodged            |    19 |    15 |    96 |   332 |   155 |   181 |   368 |   293 |   271 ||  1730

Table legend: (Time is in decaauts)
 A = Elapsed time spent in this place.
 B = Non-inter-level travel time spent in this place.
 C = Inter-level travel time spent in this place.
 D = Time resting spent in this place.
 E = Time spent auto-exploring this place.
 F = Levels seen in this place.
 G = Mean time per level.
                   A        B        C        D        E       F      G
               +--------+--------+--------+--------+--------+-----+--------+
         Total |  60680 |  56831 |   3849 |  10064 |  35877 |  56 | 1083.6 |
       Dungeon |  14582 |  13350 |   1232 |   1042 |   9921 |  15 |  972.1 |
        Temple |    308 |    308 |      0 |    293 |      0 |   1 |  308.0 |
          Lair |   5492 |   4897 |    595 |    259 |   3573 |   5 | 1098.4 |
         Swamp |   3487 |   3347 |    140 |     24 |   2805 |   4 |  871.8 |
     Snake Pit |   5541 |   5374 |    167 |    411 |   4291 |   4 | 1385.2 |
    Slime Pits |   2410 |   2356 |     54 |    894 |    664 |   5 |  482.0 |
  Orcish Mines |   1549 |   1197 |    352 |      0 |    985 |   2 |  774.5 |
   Elven Halls |   2226 |   2092 |    134 |    398 |   1160 |   3 |  742.0 |
        Vaults |  10719 |   9948 |    771 |   2444 |   5634 |   5 | 2143.8 |
        Depths |   9430 |   9057 |    373 |   3253 |   4417 |   4 | 2357.5 |
           Zot |   2689 |   2664 |     25 |    349 |   1866 |   3 |  896.3 |
       Ossuary |    440 |    440 |      0 |      0 |    298 |   1 |  440.0 |
        Bailey |    696 |    696 |      0 |    480 |     45 |   1 |  696.0 |
       Volcano |    623 |    623 |      0 |    200 |    143 |   1 |  623.0 |
      Gauntlet |    468 |    468 |      0 |      7 |     71 |   1 |  468.0 |
         Arena |     14 |     14 |      0 |      8 |      0 |   1 |   14.0 |
               +--------+--------+--------+--------+--------+-----+--------+

Top non-repeatable levels by time:
Depths:2: 3775 daAuts
 Snake:4: 2565 daAuts
Depths:4: 2534 daAuts
Vaults:3: 2400 daAuts
Vaults:5: 2370 daAuts
Vaults:1: 2219 daAuts
Vaults:2: 2139 daAuts
  Lair:2: 1749 daAuts
Depths:3: 1724 daAuts
    D:11: 1611 daAuts
Vaults:4: 1588 daAuts
   Zot:1: 1505 daAuts
 Snake:1: 1419 daAuts
Depths:1: 1395 daAuts
    D:14: 1375 daAuts
